[Event "*** Titled Tuesday Blitz"]
[Site "Chess.com"]
[Date "2019.11.05"]
[Round "6"]
[White "Zhuu96"]
[Black "severomorskij"]
[Result "1-0"]
[WhiteElo "2992"]
[BlackElo "2876"]
[TimeControl "180+2"]
[EndTime "14:20:37 PST"]
[Termination "Zhuu96 won by resignation"]

1. Nf3 c5 2. g3 Nc6 3. c4 e5 4.
Nc3 g6 5. Bg2 Bg7 6. O-O d6 7.
Ne1 f5 8. Nc2 f4 9. Rb1 Nge7 10.
b4 O-O 11. bxc5 dxc5 12. d3 Kh8 13. e3 g5 14. Ne4 Ng6 15. Nxc5 g4 16. Be4 Qc7 17. Ba3 Rb8 18. Bd5 Nce7 19. Ne6 Bxe6 20. Bxe6 Rbd8 21. Qxg4 Rxd3 22. Rfd1 e4 23. gxf4 Qa5 24.
Bxe7 Nxe7 25. Rxb7 Bf6 26. Rd7 Qxa2 27. Nb4 Rxd1+ 28. Qxd1 Qb2 29. Qd6 Bh4 30. Qd4+ Qxd4 31. Rxd4 a5 32. Nc2 Nc6 33. Rxe4 Rb8 34. Bd7 Nb4 35.
Nd4 Bf6 36. Re6 Bxd4 37. exd4 Rd8 38. Re7 a4 39. Bxa4 Rxd4 40. c5 Rxf4 41. c6 Rg4+ 42. Kf1 Rc4 43. c7 1-0

[Event "*** Titled Tuesday Blitz"]
[Site "Chess.com"]
[Date "2019.11.05"]
[Round "6"]
[White "Zq1"]
[Black "arminmusovic"]
[Result "1/2-1/2"]
[WhiteElo "2610"]
[BlackElo "2435"]
[TimeControl "180+2"]
[EndTime "14:20:38 PST"]
[Termination "Game drawn by repetition"]

1. d4 d5 2. c4 c5 3. cxd5 Qxd5 4.
Nf3 cxd4 5. Nc3 Qa5 6. Nxd4 Nf6 7. g3 e5 8. Nb3 Qc7 9. Bg2 Bb4 10. O-O Bxc3 11.
bxc3 O-O 12. Ba3 Rd8 13. Qc2 Nc6 14. Nc5 b6 15. Nd3 Bb7 16. Rfd1 Nd4 17. Qb2 Bxg2 18.
cxd4 Bb7 19. Nxe5 Qc8 20. f3 Qh3 21. e4 Rac8 22. Rac1 h5 23. Be7 Rxc1 24. Rxc1 Re8 25. Rc7 Ba6 26. Qg2 Qe6 27. Ba3 Rc8 28. Rxc8+ Qxc8 29. Qb2 h4 30. g4 h3 31. Kf2 Qe8 32. Kg3 Qa4 33. Qb3 Qxd4 34. Qxf7+ Kh7 35. Qg6+ Kg8 36. Qf7+ Kh7 37. Qg6+ Kg8 38. Qf7+ 1/2-1/2

[Event "*** Titled Tuesday Blitz"]
[Site "Chess.com"]
[Date "2019.11.05"]
[Round "6"]
[White "Joel1285"]
[Black "MikeSailer"]
[Result "0-1"]
[WhiteElo "1893"]
[BlackElo "2211"]
[TimeControl "180+2"]
[EndTime "14:20:40 PST"]
[Termination "MikeSailer won by resignation"]

1. d4 d5 2. c4 Bf5 3. Nc3 e6 4. Nf3 Nc6 5. Bg5 Nf6 6. a3 Be7 7. e3 h6 8. Bh4 O-O 9. Qb3 Na5 10.
Qa4 c6 11. Bxf6 Bxf6 12. c5 b5 13. Qd1 Re8 14. Be2 e5 15. dxe5 Bxe5 16. Nxe5 Rxe5 17. O-O Qe7 18. Rc1 Nb7 19. b4 a5 20. Qb3 axb4 21. axb4 Be4 22. Ra1 Rxa1 23. Rxa1 Nd8 24. Ra8 Kh7 25. Qa3 Ne6 26. Qa7 Qg5 27. Nxe4 Rxe4 28. Qb8 Rxb4 29. Qg8+ Kg6 30. Ra7 Rb1+ 31. Bf1 Qf5 32. f4 d4 33. e4 Qxf4 0-1

[Event "*** Titled Tuesday Blitz"]
[Site "Chess.com"]
[Date "2019.11.05"]
[Round "6"]
[White "LPSupi"]
[Black "NTBT_DHS"]
[Result "1-0"]
[WhiteElo "2982"]
[BlackElo "2661"]
[TimeControl "180+2"]
[EndTime "14:20:46 PST"]
[Termination "LPSupi won by resignation"]

1. e4 g6 2. d4 Bg7 3. Nc3 a6 4. a4 b6 5. f4 d5 6. e5 Nh6 7. Be2 Nc6 8. Bf3 Be6 9. Nge2 O-O 10. O-O Nb4 11. a5 c5 12. axb6 Qxb6 13. Na4 Qc7 14. Nxc5 Bf5 15. c3 Nc6 16. Bxd5 Rfd8 17.
Bf3 a5 18. Ng3 Rac8 19. Be3 Qb6 20. Qe2 e6 21. Kh1 Rb8 22. Rf2 Ne7 23. Qa6 Qc7 24.
Qxa5 Qc8 25. Qa6 Qc7 26. Qa7 Qxa7 27. Rxa7 Nd5 28. Bxd5 Ng4 29. Re2 Nxe3 30. Rxe3 Rxd5 31. Nxf5 Rxb2 32. Ne7+ Kf8 33. g3 Rd8 34. Re1 Ke8 35. Nc6 Rc8 36. Nb4 Bf8 37. Ne4 Bxb4 38. cxb4 Rcc2 39. Rea1 Kf8 40. g4 h5 41. gxh5 gxh5 42.
Ra8+ Kg7 43. Rg1+ 1-0

[Event "*** Titled Tuesday Blitz"]
[Site "Chess.com"]
[Date "2019.11.05"]
[Round "6"]
[White "gemarin"]
[Black "yjjga"]
[Result "1-0"]
[WhiteElo "2130"]
[BlackElo "2034"]
[TimeControl "180+2"]
[EndTime "14:20:49 PST"]
[Termination "gemarin won by resignation"]

1. d4 d5 2. c4 c6 3. Nc3 Nf6 4. Nf3 dxc4 5. a4 Bf5 6. e3 e6 7.
Bxc4 Bb4 8. O-O O-O 9. Qe2 Bg6 10. Ne5 Nbd7 11. Nxg6 hxg6 12. Rd1 Qe7 13. e4 e5 14. d5 Bxc3 15. bxc3 cxd5 16. Ba3 Nc5 17. Bxd5 Rac8 18. a5 Rfd8 19. Rab1 Rd7 20. Qb5 a6 21. Qb6 Nxd5 22. Rxd5 Rxd5 23. exd5 Qc7 24. d6 Qxb6 25. Rxb6 Nd7 26. Rxb7 Rxc3 27. Rxd7 Rxa3 28. g3 Rxa5 29. Rd8+ Kh7 30. Rf8 Rd5 31. Rxf7 Rxd6 32. Re7 g5 33. Rxe5 Kg6 34. Kg2 Rb6 35. h3 Rc6 36. Kf3 Kf6 37.
Ra5 Rb6 38. Kg4 Rb4+ 39. Kh5 g6+ 40. Kh6 Rb2 41. Rxa6+ Kf5 42. Rxg6 Rxf2 43. Rxg5+ Kf6 44. h4 Rh2 45. h5 Rh3 46. g4 Kf7 47. Rf5+ Kg8 48.
g5 Rb3 49. g6 Rb1 50. Rc5 Kf8 51. g7+ Kf7 52. Rc7+ Kg8 53. Rc8+ Kf7 54. g8=Q+ Ke7 1-0

[Event "*** Titled Tuesday Blitz"]
[Site "Chess.com"]
[Date "2019.11.05"]
[Round "6"]
[White "bubacik"]
[Black "TomasKapitanchuk"]
[Result "1-0"]
[WhiteElo "2675"]
[BlackElo "2506"]
[TimeControl "180+2"]
[EndTime "14:20:53 PST"]
[Termination "bubacik won by resignation"]

1. d4 Nf6 2. Nf3 c5 3. d5 e6 4. c4 exd5 5. cxd5 d6 6. Nc3 g6 7.
e4 Bg7 8. Be2 O-O 9. Nd2 a6 10. a4 Re8 11. O-O Nbd7 12. Qc2 Ne5 13. h3 g5 14. Nc4 Nxc4 15. Bxc4 Nh5 16. Be2 Nf4 17. Bg4 Bxg4 18. hxg4 Qd7 19. f3 Bd4+ 20. Kh2 h5 21. g3 hxg4 22. gxf4 Kg7 23. Kg3 gxf3 24. Rxf3 gxf4+ 25. Bxf4 Rh8 26. Kg2 Rag8 27. Rg3+ Kf8 28. Rxg8+ Rxg8+ 29. Bg3 Be5 30. Ne2 Qg4 31. Qd3 c4 32. Qf3 Qh4 33. Rf1 f5 34. Qxf5+ Kg7 35.
Bxh4 Kh6+ 36. Kh3 1-0

[Event "*** Titled Tuesday Blitz"]
[Site "Chess.com"]
[Date "2019.11.05"]
[Round "6"]
[White "Darhild"]
[Black "misha_chessone"]
[Result "1-0"]
[WhiteElo "2691"]
[BlackElo "2466"]
[TimeControl "180+2"]
[EndTime "14:20:53 PST"]
[Termination "Darhild won by resignation"]

1. e4 e6 2. d4 d5 3. Nc3 Bb4 4. Ne2 dxe4 5. a3 Bxc3+ 6. Nxc3 Nc6 7. Be3 Nf6 8. Qd2 O-O 9. O-O-O Nd5 10. Nxe4 Nxe3 11.
Qxe3 Ne7 12. g4 Bd7 13. Bd3 Bc6 14. h4 f5 15. Ng5 Bxh1 16. Qxe6+ Kh8 17. Rxh1 Rf6 18.
Nf7+ Rxf7 19. Qxf7 fxg4 20. Re1 Ng8 21. c3 c5 22. Qf5 Nf6 23. Qxc5 b6 24. Qe7 Qd5 25.
Kb1 Qf3 26. Be4 Qxf2 27. Bxa8 g3 28. Qe8+ Ng8 29. Bd5 Qf5+ 30. Qe4 1-0

[Event "*** Titled Tuesday Blitz"]
[Site "Chess.com"]
[Date "2019.11.05"]
[Round "6"]
[White "nailbeshirli"]
[Black "KhalilMousavi77"]
[Result "0-1"]
[WhiteElo "2674"]
[BlackElo "2911"]
[TimeControl "180+2"]
[EndTime "14:20:56 PST"]
[Termination "KhalilMousavi77 won by resignation"]

1. e4 e5 2. Nf3 Nc6 3. Nc3 Nf6 4. Bb5 Nd4 5. Ba4 c6 6. O-O b5 7.
Bb3 Nxf3+ 8. Qxf3 Bd6 9. d3 O-O 10. Ne2 Be7 11. Ng3 d5 12. Nf5 Bxf5 13. Qxf5 dxe4 14.
dxe4 a5 15. a4 Qd4 16. Re1 Rfd8 17. c3 Qb6 18. Be3 Qc7 19. Rad1 Rxd1 20. Rxd1 Rd8 21. Rxd8+ Bxd8 22. Qf3 Qd6 23. g3 Qd3 24. Qf5 Qb1+ 25. Kg2 Qxe4+ 26. Qxe4 Nxe4 27. Kf3 Nd6 28. Bc5 Be7 29.
Ke2 Kf8 30. Bc2 g6 31. Bxd6 Bxd6 32. axb5 cxb5 33. Bd3 b4 34. cxb4 Bxb4 35. b3 Ke7 36. Bc4 f5 37. f3 Kf6 38. h3 Kg5 39. Bg8 Kf6 40. Bc4 Bd6 41. Bg8 h5 42. Bc4 e4 43.
fxe4 fxe4 44. g4 h4 45. Ke3 Ke5 46. Bf7 Bc5+ 47. Ke2 g5 48. Bg8 Kf4 49. Bd5 Kg3 50.
Bxe4 Kxh3 51. Kf3 Kh2 52. Ke2 Kg1 0-1

[Event "*** Titled Tuesday Blitz"]
[Site "Chess.com"]
[Date "2019.11.05"]
[Round "6"]
[White "Adham_Fawzy"]
[Black "TST2014"]
[Result "1-0"]
[WhiteElo "2717"]
[BlackElo "2528"]
[TimeControl "180+2"]
[EndTime "14:20:59 PST"]
[Termination "Adham_Fawzy won by resignation"]

1. e4 c5 2. Nf3 Nc6 3. d4 cxd4 4. Nxd4 Nf6 5. Nc3 d6 6. Bg5 e6 7. Qd2 a6 8. f4 h6 9. Bxf6 Qxf6 10. Nf3 Qd8 11. O-O-O Be7 12. Bc4 Qc7 13. g4 Bd7 14. Kb1 O-O-O 15. Rhe1 Kb8 16. f5 Bc8 17. Bb3 Bf6 18.
Re3 Ne5 19. h3 Nxf3 20. Rxf3 Be5 21. Qf2 h5 22. g5 Qc5 23. Qh4 g6 24. a3 Rhe8 25. Ka2 Re7 26. Rdd3 Rc7 27. fxg6 fxg6 28. Qe1 Qa5 29. h4 Bxc3 30. Rxc3 Rxc3 31. Rxc3 Qe5 32. Rd3 d5 33. Qb4 Qf4 34. exd5 Qxb4 35. axb4 exd5 36.
Rxd5 Rxd5 37. Bxd5 Bf5 38. c4 b6 39. c5 Kc7 40.
Kb3 Bb1 41. Kc3 Bf5 42. Kd4 a5 43. bxa5 bxa5 44. Ke5 a4 45. Kf6 Bc2 46. Bf7 Kc6 47.
Bxg6 Bxg6 48. Kxg6 Kxc5 49. Kxh5 Kc4 50. g6 Kb3 51. g7 Kxb2 52. g8=Q a3 53. Qb8+ Kc1 54. Qb3 a2 55. Qxa2 1-0

[Event "*** Titled Tuesday Blitz"]
[Site "Chess.com"]
[Date "2019.11.05"]
[Round "6"]
[White "ShahMatKanal"]
[Black "anesar92"]
[Result "0-1"]
[WhiteElo "2524"]
[BlackElo "2692"]
[TimeControl "180+2"]
[EndTime "14:21:02 PST"]
[Termination "anesar92 won on time"]

1. d4 Nf6 2. c4 Nc6 3. Nf3 e6 4. Nc3 Bb4 5. Bd2 O-O 6. e3 d6 7. a3 Bxc3 8. Bxc3 Qe7 9. Qc2 e5 10.
d5 Nb8 11. e4 a5 12. b4 axb4 13. axb4 Rxa1+ 14. Bxa1 Na6 15. Bc3 Nh5 16. Nd2 f5 17.
exf5 Bxf5 18. Bd3 e4 19. Bxe4 Nf4 20. Kd1 Bxe4 21. Qxe4 Qg5 22. Kc2 Qxg2 23. Qxg2 Nxg2 24. Ne4 Rf4 25. Rg1 Rxe4 26. Rxg2 g6 27. Kd3 Rh4 28. f3 Rf4 29. Rg3 b5 30. cxb5 Nxb4+ 31. Bxb4 Rxb4 32. Rg2 Rxb5 33. Ke4 Rc5 34. Ra2 Kg7 35. Ra7 Kf6 36.
f4 Rc2 37. h3 h5 38. Rb7 h4 39. Ra7 Rc4+ 40. Ke3 Kf5 41. Ra8 Re4+ 42. Kd3 Rxf4 43. Rc8 Ke5 44. Rxc7 Kxd5 45. Rg7 Rf3+ 46. Ke2 Rg3 47.
Kf2 Kd4 48. Rh7 g5 49. Ra7 Rxh3 50. Ra4+ Ke5 51. Rg4 Rg3 0-1

[Event "*** Titled Tuesday Blitz"]
[Site "Chess.com"]
[Date "2019.11.05"]
[Round "6"]
[White "eldur16"]
[Black "AyelenChess"]
[Result "1-0"]
[WhiteElo "2594"]
[BlackElo "2058"]
[TimeControl "180+2"]
[EndTime "14:21:03 PST"]
[Termination "eldur16 won on time"]

1. e4 c5 2. Ne2 d6 3. g3 Nc6 4.
Bg2 g6 5. c3 c4 6. O-O Bd7 7. b3 b5 8. Na3 Ne5 9. bxc4 bxc4 10.
Rb1 Rb8 11. Qc2 Rxb1 12. Qxb1 Qc7 13. Nd4 a6 14. Nac2 Nf6 15. Ne3 Bg7 16. Qb4 a5 17. Qb1 O-O 18. Nb5 Qb6 19. a4 Rb8 20. Qa2 Bxb5 21. axb5 Qxb5 22. f4 Nd3 23. Qxc4 Qxc4 24. Nxc4 Ng4 25. Nxa5 Rb1 26. Ba3 Rb5 27. Nc6 Rb7 28. e5 dxe5 29. Nxe7+ Rxe7 30. Bxe7 exf4 31. gxf4 Nh6 32. Be4 Nb2 33. Rb1 1-0

[Event "*** Titled Tuesday Blitz"]
[Site "Chess.com"]
[Date "2019.11.05"]
[Round "6"]
[White "CzechmVIII"]
[Black "DonBroca"]
[Result "1-0"]
[WhiteElo "2102"]
[BlackElo "2000"]
[TimeControl "180+2"]
[EndTime "14:21:06 PST"]
[Termination "CzechmVIII won by checkmate"]

1. e4 c5 2. Nf3 d6 3. Nc3 Nf6 4. d4 cxd4 5. Nxd4 a6 6. Bg5 e6 7. f4 Qb6 8. Qd2 Qxb2 9. Nb3 Qa3 10. Bxf6 gxf6 11. Be2 Nc6 12. O-O h5 13. Kh1 h4 14.
Qe3 Bh6 15. Nb1 Qa4 16. Nc3 Qa3 17. Nb1 Qa4 18. c4 Ne7 19. Nc3 Qd7 20. Qd3 Ng6 21. f5 Ne5 22. Qd1 Rg8 23. Nd4 Qe7 24. fxe6 fxe6 25.
Bh5+ Kd8 26. Nf3 Nxf3 27. Bxf3 h3 28. g3 Bd7 29. Qd3 Bc6 30. Rad1 Kc7 31. Rc1 Qg7 32.
Nd5+ Kb8 33. Nb6 Kc7 34. Nxa8+ Rxa8 35. Rcd1 Rd8 36. c5 d5 37. Qb3 dxe4 38. Qb6+ Kc8 39. Rxd8# 1-0

[Event "*** Titled Tuesday Blitz"]
[Site "Chess.com"]
[Date "2019.11.05"]
[Round "6"]
[White "SCIM"]
[Black "rasmussvane"]
[Result "0-1"]
[WhiteElo "2493"]
[BlackElo "2839"]
[TimeControl "180+2"]
[EndTime "14:21:09 PST"]
[Termination "rasmussvane won by resignation"]

1. d4 e6 2. c4 b6 3. e4 Bb4+ 4. Bd2 Bxd2+ 5. Qxd2 d5 6. cxd5 exd5 7. e5 Ne7 8. Nf3 O-O 9. Be2 c5 10. O-O Nbc6 11.
dxc5 bxc5 12. Nc3 Rb8 13. Na4 c4 14. Rad1 Bg4 15. Qf4 Be6 16. Rfe1 Qa5 17. Nc3 Rxb2 18. Rc1 Rd8 19. Ng5 Qc7 20. Nxe6 fxe6 21. Bg4 Qd7 22.
Rcd1 Rf8 23. Qg3 Rfxf2 24. Qxf2 Rxf2 25. Kxf2 Ng6 26. Kg1 Qe8 27. Nb5 Qe7 28. Nc3 Ngxe5 29. Bh3 g6 30. Kh1 Kg7 31. a4 Qb4 32. Ne2 Nd3 33. Rf1 e5 34. Rb1 Qc5 35. Rb7+ Kh6 36. g3 Qe3 37. Ng1 c3 38. Rff7 c2 39. Bf1 c1=Q 40.
Rxh7+ Kg5 41. Nh3+ Kf5 42. Rhf7+ Ke4 0-1

[Event "*** Titled Tuesday Blitz"]
[Site "Chess.com"]
[Date "2019.11.05"]
[Round "6"]
[White "swisspower96"]
[Black "pedro_gines"]
[Result "0-1"]
[WhiteElo "2696"]
[BlackElo "2544"]
[TimeControl "180+2"]
[EndTime "14:21:10 PST"]
[Termination "pedro_gines won by resignation"]

1. d4 d5 2. c4 c6 3. Nf3 Nf6 4. e3 Bg4 5. h3 Bxf3 6. Qxf3 e6 7. Nc3 Bb4 8. Bd3 O-O 9. O-O Nbd7 10. Qd1 e5 11. cxd5 exd4 12. dxc6 dxc3 13. cxd7 Qxd7 14. Qe2 Rfd8 15. Rd1 Qa4 16. bxc3 Bxc3 17. Rb1 b6 18. a3 Rac8 19. Bc2 Qc6 20. a4 Rxd1+ 21. Qxd1 h5 22. Bf5 Re8 23. Qc2 Qc5 24. Ba3 Qxa3 25. Rb3 Qa1+ 26. Rb1 Qa3 27. Rb3 Qxa4 28. Qxc3 Rd8 29.
Kh2 Qe8 30. g3 h4 31. gxh4 Nd5 32. Qb2 a5 33. Rb5 Nxe3 34. fxe3 Qxe3 35. Qg2 Rd2 36. Be4 Qf4+ 37. Kh1 Rd1+ 0-1

[Event "*** Titled Tuesday Blitz"]
[Site "Chess.com"]
[Date "2019.11.05"]
[Round "6"]
[White "WinningButNotReally"]
[Black "Astaneh"]
[Result "1-0"]
[WhiteElo "2439"]
[BlackElo "2559"]
[TimeControl "180+2"]
[EndTime "14:21:12 PST"]
[Termination "WinningButNotReally won by resignation"]

1. Nf3 Nf6 2. g3 g6 3. Bg2 Bg7 4. O-O O-O 5. c4 c6 6. d4 d5 7. Nc3 Ne4 8. cxd5 cxd5 9. Ne5 Nxc3 10. bxc3 Nc6 11. Nxc6 bxc6 12. Qa4 Bd7 13. Qa3 e5 14. Be3 Re8 15. Rab1 Rb8 16. dxe5 Bxe5 17. Bxa7 Ra8 18.
Qc5 Bxc3 19. Rb7 Bg7 20. Bb6 Qe7 21. Qxe7 Rxe7 22. Bc5 Rxe2 23. Rxd7 Rexa2 24. Rc1 Ra1 25. Rxa1 Rxa1+ 26. Bf1 h5 27. Kg2 Rc1 28. Be3 Rc3 29.
Be2 Bf6 30. Bf3 h4 31. Rd6 Be5 32. Rd8+ Kg7 33. gxh4 Rd3 34. Be2 Rc3 35. h5 gxh5 36. Bxh5 Bf6 37. Rd7 d4 38. Bxd4 Bxd4 39. Rxd4 Rc5 40.
Bf3 Rc1 41. Rd7 Kf8 42. Rc7 c5 43. Bd5 f6 44. Rf7+ Ke8 45. Rxf6 Ke7 46. Rc6 Kd7 47. Bf3 c4 48. h4 c3 49. h5 1-0

[Event "*** Titled Tuesday Blitz"]
[Site "Chess.com"]
[Date "2019.11.05"]
[Round "6"]
[White "MFBerna"]
[Black "Ginger_GM"]
[Result "1-0"]
[WhiteElo "2320"]
[BlackElo "2472"]
[TimeControl "180+2"]
[EndTime "14:21:17 PST"]
[Termination "MFBerna won on time"]

1. e4 e5 2. Nf3 Nc6 3. Bb5 a6 4. Ba4 Nf6 5. O-O b5 6. Bb3 Be7 7. Re1 O-O 8. d3 d5 9. exd5 Nxd5 10. Nc3 Nxc3 11. bxc3 Bg4 12. h3 Bh5 13. g4 Bg6 14.
Nxe5 Nxe5 15. Rxe5 Bd6 16. Re1 Qh4 17. Qf3 Rae8 18.
Bd2 Kh8 19. a4 Rb8 20. axb5 f5 21. g5 Bh5 22. Qg2 f4 23. f3 axb5 24. Re4 Bg6 25. Be1 Qh5 26. Re2 Bf5 27. h4 h6 28. Bf2 hxg5 29.
hxg5 Bh3 30. Qh2 Qxf3 31. Be6 Rbe8 32. Bxh3 Qh5 33. Rxe8 Rxe8 34. Bd7 Qxh2+ 35. Kxh2 f3+ 36. Kg1 Re2 37. g6 Ba3 38. Rxa3 1-0

[Event "*** Titled Tuesday Blitz"]
[Site "Chess.com"]
[Date "2019.11.05"]
[Round "6"]
[White "Zavgorodniy_Serg"]
[Black "Guenplen"]
[Result "0-1"]
[WhiteElo "2584"]
[BlackElo "2952"]
[TimeControl "180+2"]
[EndTime "14:21:18 PST"]
[Termination "Guenplen won by resignation"]

1. e4 c5 2. Nf3 Nc6 3. Bb5 e5 4. O-O Bd6 5. c3 a6 6. Bxc6 dxc6 7. d4 exd4 8. cxd4 Bg4 9. dxc5 Bxc5 10. Qc2 Ba7 11.
Ne5 Bh5 12. Nc4 Ne7 13. Be3 Bxe3 14. Nxe3 O-O 15. Nd2 Qb6 16. Nb3 Rfd8 17. Nc5 Rd4 18.
f3 Rad8 19. Rad1 f6 20. Rxd4 Rxd4 21. Rd1 Rxd1+ 22. Nxd1 Bf7 23. b3 Qa5 24. Kf2 b6 25. Nd3 Qh5 26. h3 Qh4+ 27. Kf1 Qg5 28. Kf2 Qh4+ 29.
Kf1 Qg5 30. Kf2 a5 31. Ne3 h5 32. g3 h4 33. g4 Qb5 34. f4 c5 35. Nf5 Nxf5 36. gxf5 c4 37. bxc4 Qxc4 38. Qxc4 Bxc4 39.
Nc1 b5 40. a3 b4 41. axb4 axb4 42. Ne2 b3 43. Nc3 b2 44. Kf3 Bd3 0-1

[Event "*** Titled Tuesday Blitz"]
[Site "Chess.com"]
[Date "2019.11.05"]
[Round "6"]
[White "cool4chess"]
[Black "snowlord"]
[Result "1-0"]
[WhiteElo "2571"]
[BlackElo "2715"]
[TimeControl "180+2"]
[EndTime "14:21:18 PST"]
[Termination "cool4chess won by resignation"]

1. e4 e5 2. Nf3 Nc6 3. Bb5 a6 4. Ba4 Nf6 5. d4 exd4 6. O-O Be7 7. Re1 b5 8. e5 Nd5 9. Bb3 Nb6 10. Nxd4 Nxd4 11.
Qxd4 c5 12. Qg4 O-O 13. Bh6 g6 14. Bxf8 Qxf8 15. c3 d5 16. Qf3 Bf5 17. Nd2 Rd8 18.
Nf1 c4 19. Bd1 d4 20. cxd4 Rxd4 21. Ne3 Be6 22. Bc2 Bb4 23. Red1 Qd8 24. Qe4 Bd2 25. Qf3 b4 26. Qc6 Kg7 27. Nf1 Bg5 28. Qc5 Rxd1 29. Rxd1 Nd7 30. Qxb4 Qc7 31. Qd6 Qa5 32. a3 Bf4 33. Ne3 Qxe5 34. Qxe5+ Bxe5 35. Nxc4 Bxc4 36. Rxd7 Bxb2 37. a4 a5 38. Bd3 Bb3 39. Rb7 1-0

[Event "*** Titled Tuesday Blitz"]
[Site "Chess.com"]
[Date "2019.11.05"]
[Round "6"]
[White "babadroga92"]
[Black "przemekpiotrowski"]
[Result "1/2-1/2"]
[WhiteElo "2636"]
[BlackElo "2404"]
[TimeControl "180+2"]
[EndTime "14:21:18 PST"]
[Termination "Game drawn by agreement"]

1. e4 c5 2. Nf3 d6 3. Bb5+ Bd7 4. Bxd7+ Qxd7 5. O-O Nc6 6. c4 Nf6 7. Nc3 g6 8. d4 cxd4 9. Nxd4 Nxd4 10. Qxd4 Bg7 11. Be3 O-O 12. f3 Ng4 13. Qd2 Nxe3 14. Qxe3 Rfc8 15.
Qd3 Bxc3 16. Qxc3 b5 17. b3 Rc5 18. Rfc1 Rac8 19. Rc2 bxc4 20. bxc4 Qa4 21. Qb3 Qc6 22.
Rac1 e6 23. h4 h5 24. Rd1 Qc7 25. Rcd2 Rb8 26. Qe3 Rb6 27. Qf4 Re5 28. Rd4 Qc5 29.
Kh2 Kg7 30. Qd2 Qc7 31. Rxd6 Rc5 32. Qd4+ Kh7 33. e5 Rxc4 34. Qd2 Rc2 35. Qf4 Rbb2 36. Rg1 Qe7 37. Qf6 Qxf6 38. exf6 Rxa2 39. Rd7 Kg8 40.
Rd8+ Kh7 41. Rd7 1/2-1/2

[Event "*** Titled Tuesday Blitz"]
[Site "Chess.com"]
[Date "2019.11.05"]
[Round "6"]
[White "Alexander_Donchenko"]
[Black "ehrenfeld"]
[Result "1-0"]
[WhiteElo "2771"]
[BlackElo "2530"]
[TimeControl "180+2"]
[EndTime "14:21:19 PST"]
[Termination "Alexander_Donchenko won on time"]

1. e4 e5 2. Nf3 Nc6 3. Bb5 a6 4. Ba4 Nf6 5. O-O Be7 6. Re1 b5 7. Bb3 d6 8. c3 O-O 9. h3 Na5 10. Bc2 c5 11. d4 Qc7 12. Nbd2 Bd7 13. Nf1 Rfe8 14. Ng3 Nc4 15. Qe2 h6 16. b3 Nb6 17.
Bb2 c4 18. d5 a5 19. Nd2 cxb3 20. axb3 Rec8 21. Bd3 Rcb8 22. Ngf1 a4 23. b4 g6 24. Ra3 Nh5 25. g3 Bxh3 26. Bxb5 Bd7 27. Bxd7 Nxd7 28. Ne3 Bg5 29. Rea1 Ndf6 30. Rxa4 Rxa4 31. Rxa4 Kg7 32. Ra6 Qd7 33. Qf3 Bxe3 34. Qxe3 Qh3 35. Qf3 Ne8 36. Ra7 Nhf6 37. Nc4 h5 38. Bc1 h4 39. Bg5 hxg3 40.
fxg3 Rc8 41. Nxd6 Nxd6 42. Bxf6+ Kg8 43. Bxe5 1-0

[Event "*** Titled Tuesday Blitz"]
[Site "Chess.com"]
[Date "2019.11.05"]
[Round "6"]
[White "RitvarsReimanis"]
[Black "Eliwood44"]
[Result "1-0"]
[WhiteElo "2607"]
[BlackElo "2364"]
[TimeControl "180+2"]
[EndTime "14:21:21 PST"]
[Termination "RitvarsReimanis won by resignation"]

1. d4 Nf6 2. c4 e6 3. Nf3 d5 4. Nc3 Be7 5. Bf4 O-O 6. e3 b6 7. Rc1 Bb7 8. cxd5 Nxd5 9. Nxd5 Qxd5 10. Rxc7 Bb4+ 11. Nd2 Na6 12. Rc1 Qxa2 13. Bd3 Qxb2 14. Rc2 Qa3 15. Bc4 Bxg2 16. Rg1 Be4 17. Ra2 Qc3 18.
Bxa6 Rad8 19. f3 Rxd4 20. exd4 Qxd4 21. Rg2 Bd5 22. Qa1 Bc3 23. Ra4 Bxa1 24. Rxd4 Bxd4 25. Ke2 g6 26. Be3 Bg7 27. Rg1 Rd8 28. Rc1 h5 29. Ne4 Be5 30. Bg5 Re8 31. Nf6+ Bxf6 32. Bxf6 e5 33. Rc7 e4 34. f4 e3 35. Rxa7 Be6 36. Kxe3 b5 37. Re7 Rb8 38. Bb7 b4 39. Bc6 Kf8 40. Rb7 Rxb7 41. Bxb7 b3 42. Bc6 h4 43. Kd2 h3 44. Kc3 Kg8 45. Ba4 Kh7 46.
Bxb3 Bxb3 47. Kxb3 Kh6 48. Kc3 Kh5 49. Kd3 Kg4 50. Ke4 Kh5 51. Kf3 Kh6 52. Kg4 1-0

[Event "*** Titled Tuesday Blitz"]
[Site "Chess.com"]
[Date "2019.11.05"]
[Round "6"]
[White "DishonorOnYourCow"]
[Black "PotapovaM"]
[Result "1/2-1/2"]
[WhiteElo "2260"]
[BlackElo "2445"]
[TimeControl "180+2"]
[EndTime "14:21:21 PST"]
[Termination "Game drawn by repetition"]

1. d4 Nf6 2. c4 e6 3. Nf3 d5 4. Nc3 Bb4 5. Qa4+ Nc6 6. e3 O-O 7. Bd2 Re8 8. cxd5 exd5 9. Bb5 Bd7 10. Bxc6 Bxc3 11. Bxd7 Bxd2+ 12. Nxd2 Nxd7 13. O-O c6 14. b4 Qe7 15. b5 c5 16. dxc5 Nxc5 17. Qb4 b6 18. Rfd1 Qf6 19. Nf3 Re4 20. Qd2 Rd8 21.
Nd4 h5 22. Nc6 Rd7 23. h3 g5 24. f3 Re8 25. Rab1 a5 26. Qf2 Na4 27. Rd4 Nc3 28. Rb3 Nxb5 29. Rxb5 Qxc6 30. Rb3 h4 31. Rbd3 f6 32. e4 Red8 33. exd5 Rxd5 34. Rxd5 Rxd5 35. Rxd5 Qxd5 36. Qxb6 Kg7 37. Qc7+ Kh6 38. Qe7 Kg6 39. Qe8+ Kg7 40. Qe7+ Kg6 41. Qe8+ Kg7 42. Qe7+ Kg6 1/2-1/2

[Event "*** Titled Tuesday Blitz"]
[Site "Chess.com"]
[Date "2019.11.05"]
[Round "6"]
[White "1f3_2g41-0"]
[Black "Oligan22"]
[Result "1/2-1/2"]
[WhiteElo "2292"]
[BlackElo "2459"]
[TimeControl "180+2"]
[EndTime "14:21:23 PST"]
[Termination "Game drawn by agreement"]

1. e4 c6 2. d4 d5 3. e5 Bf5 4. h4 h5 5. Bg5 Qb6 6. Bd3 Qxd4 7.
Nf3 Qg4 8. O-O f6 9. Be3 Nd7 10. exf6 gxf6 11. Qd2 Bxd3 12. Qxd3 Bh6 13. Nbd2 Bxe3 14.
Qxe3 e5 15. c4 d4 16. Qd3 Ne7 17. Ne4 Nf5 18. Nxf6+ Nxf6 19. Nxe5 Qf4 20. Ng6 Qg4 21. Nxh8 Nxh4 22. Qg3 Kf8 23. Qxh4 Kg7 24. Qxg4+ hxg4 25. Rad1 c5 26. Rfe1 Rxh8 27. Re7+ Kg6 28. Rxb7 g3 29. fxg3 Ng4 30. Rxa7 Re8 31. Ra6+ Kg5 32. Ra5 Re5 33. b4 Ne3 34. Rc1 Kg4 35. Rxc5 Re8 36. Kf2 d3 37. Rd5 Nxd5 38. cxd5 Re2+ 39. Kf1 Kxg3 40. Rd1 Rf2+ 41. Kg1 Rxg2+ 42. Kf1 Rf2+ 43. Ke1 Re2+ 44. Kf1 Rf2+ 45. Kg1 Rg2+ 1/2-1/2

[Event "*** Titled Tuesday Blitz"]
[Site "Chess.com"]
[Date "2019.11.05"]
[Round "6"]
[White "kleinebeer98"]
[Black "nihalsarin"]
[Result "1-0"]
[WhiteElo "2701"]
[BlackElo "2975"]
[TimeControl "180+2"]
[EndTime "14:21:24 PST"]
[Termination "kleinebeer98 won by checkmate"]

1. e4 g6 2. d4 Bg7 3. Nf3 d6 4. Bc4 e6 5. Qe2 Ne7 6. h4 h6 7. Nc3 a6 8. a4 Nbc6 9. Be3 Nb4 10. Bb3 b6 11. Qd2 Bb7 12. O-O Qd7 13. Rfe1 Kf8 14. Ne2 Nbc6 15. Nf4 Rd8 16. d5 exd5 17. exd5 Na5 18. Ba2 Bxb2 19. Bd4 Bxa1 20. Bxa1 Rh7 21. Nd4 Re8 22. Nfe6+ Kg8 23. Qc3 Nxd5 24. Bxd5 Bxd5 25. Nxc7 Rxe1+ 26. Qxe1 Be6 27. Qc3 Nb7 28. Nxa6 Nc5 29. Nb8 Qe8 30. Nbc6 Bd7 31. Nb4 Nxa4 32. Qd2 Qe5 33.
Nd3 Qe4 34. Nf3 f5 35. Nf4 Re7 36. Nxg6 Re6 37. Qxh6 Re5 38. Qf8+ Kh7 39. Ng5+ Kxg6 40. Qf7+ Kh6 41. Qh7# 1-0

[Event "*** Titled Tuesday Blitz"]
[Site "Chess.com"]
[Date "2019.11.05"]
[Round "6"]
[White "nitpicker"]
[Black "Alopekos"]
[Result "1-0"]
[WhiteElo "2314"]
[BlackElo "2466"]
[TimeControl "180+2"]
[EndTime "14:21:28 PST"]
[Termination "nitpicker won by resignation"]

1. d4 Nf6 2. c4 e6 3. g3 d5 4. Nf3 Be7 5. Bg2 O-O 6. O-O dxc4 7. Ne5 c5 8. dxc5 Qc7 9. Nxc4 Qxc5 10. b3 Rd8 11. Qe1 Nc6 12. Ba3 Nb4 13. Nc3 Qh5 14. Rc1 e5 15. Nb5 Bh3 16. Bxb4 Bxb4 17. Qxb4 a6 18.
Nc3 e4 19. Ne3 Re8 20. Rfd1 Bxg2 21. Kxg2 h6 22. Ned5 Ng4 23. h3 Nxf2 24. Kxf2 Qxh3 25.
Nf4 Qh2+ 26. Ng2 e3+ 27. Kf3 Re6 28. Nd5 Qh5+ 29. Qg4 Qe5 30. Qf4 Qh5+ 31. g4 Qg6 32. Qf5 h5 33. Qxg6 fxg6 34. Ngxe3 Rf8+ 35. Kg3 hxg4 36. Rd4 Rf7 37. Rxg4 Kh7 38. Rh1+ Kg8 39. Rgh4 Rf8 40.
Rh8+ 1-0